 Dungeon Crawl Stone Soup version 0.20.1-1-g8b1a95d (webtiles) character file.

77 wyrdjoy the Chopper (level 4, -1/58 HPs)
             Began as a Minotaur Berserker on July 24, 2017.
             Was a Believer of Trog.
             Slain by wyrdjoy's ghost (11 damage)
             ... on level 3 of the Dungeon.
             The game lasted 00:02:24 (1797 turns).

wyrdjoy the Chopper (Minotaur Berserker)            Turns: 1797, Time: 00:02:25

Health: -1/58      AC:  2    Str: 28    XL:     4   Next: 13%
Magic:  3/3        EV: 12    Int:  4    God:    Trog [**....]
Gold:   72         SH:  0    Dex:  9    Spells: 3/3 levels left

rFire    . . .     SeeInvis .   a - +0 hand axe
rCold    . . .     Gourm    .   (no shield)
rNeg     . . .     Faith    .   b - +0 animal skin
rPois    .         Spirit   .   (helmet restricted)
rElec    .         Reflect  .   (no cloak)
rCorr    .         Harm     .   (no gloves)
MR       .....                  (no boots)
Stlth    ..........             (no amulet)
Regen    0.2/turn               (no ring)
MPRegen  0.1/turn               (no ring)

@: berserking, very quick
A: retaliatory headbutt, horns 2
a: Berserk, Trog's Hand, Burn Spellbooks, Renounce Religion


You were on level 3 of the Dungeon.
You worshipped Trog.
Trog was pleased with you.
You were hungry.

You visited 1 branch of the dungeon, and saw 3 of its levels.

You collected 72 gold pieces.

Inventory:

Hand Weapons
 a - a +0 hand axe (weapon)
Armour
 b - a +0 animal skin (worn)
Jewellery
 k - an uncursed amulet of regeneration {unknown}
Scrolls
 d - a scroll of teleportation {unknown}
 i - 2 scrolls of recharging {unknown}
 l - a scroll of enchant armour {unknown}
Potions
 e - a potion of degeneration {unknown}
 g - a potion of agility {unknown}
 h - a potion of mutation {unknown}
 m - a potion of haste {unknown}
 n - a potion of flight {unknown}
Comestibles
 c - 3 bread rations
 f - a royal jelly
 j - a meat ration
 o - 2 chunks of flesh


   Skills:
 - Level 3.6 Fighting
 + Level 6.0 Axes
 - Level 2.4 Armour
 - Level 2.1 Dodging


You had 3 spell levels left.
You didn't know any spells.

Dungeon Overview and Level Annotations

Branches:
Dungeon (3/15)

Altars:
The Shining One

Annotations:
D:3 wyrdjoy's ghost, amateur HOFi


Innate Abilities, Weirdness & Mutations

You reflexively headbutt those who attack you in melee.
You have a pair of horns on your head.


Message History

Wyrdjoy's ghost hits you but does no damage.
You slash wyrdjoy's ghost!
Wyrdjoy's ghost is moderately damaged.
You slash wyrdjoy's ghost!
Wyrdjoy's ghost is moderately damaged.
Wyrdjoy's ghost whispers, "There is no future for you."
Wyrdjoy's ghost hits you!
You slash wyrdjoy's ghost!
Wyrdjoy's ghost is heavily damaged.
Wyrdjoy's ghost closely misses you.
You hit wyrdjoy's ghost.
Wyrdjoy's ghost is severely damaged.
You hit wyrdjoy's ghost.
Wyrdjoy's ghost is severely damaged.
Wyrdjoy's ghost hits you!
* * * LOW HITPOINT WARNING * * *
You barely miss wyrdjoy's ghost. You headbutt wyrdjoy's ghost.
Wyrdjoy's ghost is severely damaged.
Wyrdjoy's ghost hits you!
You die...

... ..# ###..##### .#
........#..# #......#..#
#......#..##
#....W.....#
#....@.....#
#..........#
#..........#
#..........#
####..#....# ##.##..## .
#.##..#
..#####.##..########
.........#..##.....#####


You could see wyrdjoy's ghost.

Vanquished Creatures
  3 adders
  A worm (D:2)
  2 dart slugs (D:1)
  2 leopard geckos
  6 goblins
  5 hobgoblins
  3 quokkas
  A ball python (D:2)
  7 bats
  4 frilled lizards
  3 kobolds
  5 rats
42 creatures vanquished.

Notes
Turn   | Place    | Note
-------+----------+-------------------------------------------
     0 | D:1      | wyrdjoy the Minotaur Berserker began the quest for the Orb.
     0 | D:1      | Reached XP level 1. HP: 19/19 MP: 0/0
   129 | D:1      | Reached skill level 4 in Axes
   172 | D:1      | Reached XP level 2. HP: 26/26 MP: 1/1
   532 | D:1      | Found a glowing golden altar of the Shining One.
   566 | D:1      | Reached skill level 5 in Axes
   807 | D:2      | Reached XP level 3. HP: 28/31 MP: 2/2
   841 | D:2      | Reached ** piety under Trog
   842 | D:2      | Found a faded altar of an unknown god.
  1625 | D:3      | Reached skill level 6 in Axes
  1625 | D:3      | Reached XP level 4. HP: 25/39 MP: 3/3
  1788 | D:3      | Noticed wyrdjoy's ghost (amateur HOFi)
  1797 | D:3      | Slain by wyrdjoy's ghost

Skill      XL: |  1  2  3 |
---------------+----------+-----
Axes           | 4 5 6 |  6.0
Fighting       | |  3.6
Armour         | |  2.4
Dodging        | |  2.1

Action                   |  1- 3 |  4- 6 || total
-------------------------+-------+-------++-------
Melee: Hand axe          |    81 |     7 ||    88
       Headbutt          |    11 |     1 ||    12
Invok: Berserk           |     1 |     1 ||     2
  Eat: Chunk             |     2 |     2 ||     4
Armor: Animal skin       |    13 |     1 ||    14
Dodge: Dodged            |    60 |     2 ||    62
